AoeStats
← BichiArana

Arabia

510272681Analyzed
1v1 RM · 7h ago on Sep 30, 2026· 28m 32s· 2 players
Game mode
Random Map
Map size
Tiny (2 player)
Population
200
Speed
Normal
Resources
Standard
Victory
Conquest
Starting age
Dark Age
Ending age
Imperial Age
RankedLock teamsTeams togetherTeam positionsShared explorationLock speedFull tech treeHidden civsTurbo modeCheats
Victory
Defeat
🇬🇧 Franks · United Kingdom
175
+9
🇪🇸 Muisca · Spain
25
-9
BichiArana
0:30 Loom
13:19 Feudal Age
24:21 Wheelbarrow
27:24 Horse Collar
27:53 Double-Bit Axe
NeededOcean3932
0:33 Loom
8:08 Loom
11:15 Feudal Age
11:43 Double-Bit Axe
14:45 Town Watch
18:28 Scale Barding Armor
18:35 Forging
19:38 Wheelbarrow
22:47 Gold Mining
22:49 Man-at-Arms
25:05 Arson
28:06 Castle Age
26:32 Stone Mining
28:18 Scale Mail Armor
29:02 Bow Saw
29:40 Gold Shaft Mining
Connection lost

Rejoining the realm…

Still unreachable

The connection could not be restored.

Session expired

The server has moved on; the page needs a fresh start.